 Dungeon Crawl Stone Soup version 0.23-a0-650-ga4d50d4 (webtiles) character file.

10 Amnesiac the Magician (level 2, 0/11 HPs)
             Began as a Felid Earth Elementalist on Jan 5, 2019.
             Slain by a hound (2 damage)
             ... on level 2 of the Dungeon.
             The game lasted 00:00:25 (49 turns).

Amnesiac the Magician (Felid Earth Elementalist)      Turns: 49, Time: 00:00:26

Health: 0/11       AC:  1    Str:  4    XL:     2   Next: 10%
Magic:  1/6        EV: 18    Int: 16    God:
Gold:   15         SH:  0    Dex: 16    Spells: 5/6 levels left
                                        Lives:  0   Deaths: 0

rFire    . . .     SeeInvis +   (weapon unavailable)
rCold    . . .     Gourm    .   (shield unavailable)
rNeg     . . .     Faith    .   (armour unavailable)
rPois    .         Spirit   .   (helmet unavailable)
rElec    .         Reflect  .   (cloak unavailable)
rCorr    .         Harm     .   (gloves unavailable)
MR       .....                  (boots unavailable)
Stlth    +++.......             (no amulet)
HPRegen  0.03/turn              (no ring)
MPRegen  0.10/turn              (no ring)

@: very slightly contaminated, quick
A: very small, no armour, no weapons or thrown items, stealth, claws 1, fangs 3,
see invisible, carnivore, speed 1, shaggy fur 1, slow metabolism 1, sharp paws
a: no special abilities


You were on level 2 of the Dungeon.
You were not hungry.

You visited 1 branch of the dungeon, and saw 2 of its levels.

You collected 15 gold pieces.

Inventory:

Missiles
 b - 38 stones
Jewellery
 a - a +2 ring of protection {unknown}
Scrolls
 d - a scroll of teleportation {!r, unknown}
Comestibles
 c - a ration


   Skills:
 - Level 2.6 Dodging
 - Level 2.6 Stealth
 - Level 2.7 Spellcasting
   Level 1.1 Transmutations
 + Level 2.6 Earth Magic


You had 5 spell levels left.
You knew the following spells:

 Your Spells              Type           Power        Failure   Level  Hunger
a - Sandblast             Erth           ##....       6%          1    #......

Your spell library contained the following spells:

 Spells                   Type           Power        Failure   Level  Hunger
 Passwall                 Tmut/Erth      #.......     14%         2    ##.....
 Stone Arrow              Conj/Erth      #.....       32%         3    ###....
 Petrify                  Tmut/Erth      #.......     65%         4    #####..
 Lee's Rapid Deconstruct  Erth           ##........   87%         5    ######.


Dungeon Overview and Level Annotations

Branches:
Dungeon (2/15)

Altars:


Innate Abilities, Weirdness & Mutations

You cannot wear armour.
You are incapable of wielding weapons or throwing items.
Your paws allow you to move quietly. (Stealth)
You have sharp claws.
You have razor-sharp teeth.
You have supernaturally acute eyesight. (SInv)
You are carnivorous and can eat meat at any time.
You cover ground quickly.
You are covered in fur. (AC +1)
You have a slow metabolism.
Your sharp claws are effective at attacking unaware monsters.


Message History

b - 27 stones Unknown command.
A dart slug comes into view.
Found a stone staircase leading down.
A frilled lizard comes into view.
There is a stone staircase leading down here.
You climb downwards.
An adder and a hobgoblin come into view.
The hobgoblin shouts!
The adder hisses angrily.
You hear a bark!
Found 13 stones, a scroll labeled VEIREAKAU and a long sword.
Found a stone staircase leading up.
There is a stone staircase leading up here.
Casting: Sandblast (safe; 7% risk of failure)
Confirm with . or Enter, or press ? or * to list all spells.
Aiming: Sandblast (safe; 7% risk of failure)
Press: ? - help, Shift-Dir - straight line, f - adder
Aim: an adder The blast of sand hits the adder.
The adder is moderately wounded.
b - 26 stones The adder misses you.
Unknown command.
Casting: Sandblast (safe; 7% risk of failure)
Confirm with . or Enter, or press ? or * to list all spells.
Aiming: Sandblast (safe; 7% risk of failure)
Press: ? - help, Shift-Dir - straight line, f/p - adder
Aim: an adder (moderately wounded)
The blast of sand hits the adder.
You kill the adder!
Training target 2.6 for Spellcasting reached!
You need to enable at least one skill for training.
You have reached level 2!
b - 25 stones A hound comes into view.
You see here 13 stones.
b - 38 stones (gained 13)
The hound closely misses you.
A worm comes into view.
A goblin comes into view.
The hound closely misses you.
Casting: Sandblast (safe; 6% risk of failure)
Confirm with . or Enter, or press ? or * to list all spells.
Aiming: Sandblast (safe; 6% risk of failure)
Press: ? - help, Shift-Dir - straight line, f - hound
Aim: a hound You miscast Sandblast.
You are very lightly contaminated with residual magic.
Nothing appears to happen.
The hound bites you.
* * * LOW HITPOINT WARNING * * *
Unknown command.
The hobgoblin shouts!
The hound pauses to sniff the ground.
A giant cockroach comes into view.
A goblin comes into view. It is wielding a +0 club.
The hound bites you.
* * * LOW HITPOINT WARNING * * *
You aren't carrying any potions.
A worm comes into view.
The hobgoblin completely misses you.
The worm moves out of view.
The hobgoblin misses you. The hound completely misses you.
The hound barely misses you. The giant cockroach closely misses you.
Found 18 gold pieces.
The hound bites you.
You die...

##############
##.....##.....##
##..............####
#..................#
#...............†..#
#...........<..<...#
#......s...........#
#.$...@h.g.........##
#.....^....g.....#..#
##......)?......###.#
##.....##..g...###.#
########...w....#.##
#####.##....#
#..##..... ##...##.#.
.#g ...


You could see a worm, a hound, a giant cockroach, a hobgoblin and 2 goblins.

Vanquished Creatures
  An adder (D:2)
  A hobgoblin (D:1)
2 creatures vanquished.

Notes
Turn   | Place    | Note
-------+----------+-------------------------------------------
     0 | D:1      | Amnesiac the Felid Earth Elementalist began the quest for
                  | the Orb.
     0 | D:1      | Reached XP level 1. HP: 7/7 MP: 4/4
    26 | D:2      | Reached XP level 2. HP: 5/11 MP: 0/6
    49 | D:2      | Slain by a hound

Vault maps used:
D:1:      grunt_arrival_lava_bath
D:2:      first_ration, uniq_terence

Action                   || total
-------------------------++-------
 Cast: Sandblast         ||     5
Dodge: Dodged            ||     9

Table legend:
 A = Non-vault XP
 B = Vault XP
 C = Vault XP percentage of total XP
 D = Non-vault monster count
 E = Vault monster count
 F = Vault count percentage of total count
                 A         B        C        D         E       F
            +---------+---------+-------+---------+---------+-------
      Total |      15 |       0 |   0.0 |       2 |       0 |   0.0
            +---------+---------+-------+---------+---------+-------
        D:1 |       2 |       0 |   0.0 |       1 |       0 |   0.0
        D:2 |      13 |       0 |   0.0 |       1 |       0 |   0.0
            +---------+---------+-------+---------+---------+-------
